 Dungeon Crawl Stone Soup version 0.32-a0-747-gc8563f6773 (webtiles) character file.

Game seed: 11935237697274651648

354 lessens the Chopper (level 6, -14/51 HPs)
             Began as a Mountain Dwarf Fighter on Mar 17, 2024.
             Demolished by an ogre
             ... wielding a +0 giant club
              (17 damage)
             ... on level 4 of the Dungeon.
             The game lasted 00:03:34 (2538 turns).

lessens the Chopper (Mountain Dwarf Fighter)        Turns: 2538, Time: 00:03:35

Health: -14/51     AC:  9    Str: 20    XL:     6   Next: 35%
Magic:  6/6        EV:  9    Int:  9    God:
Gold:   165        SH:  4    Dex:  9    Spells: 5/5 levels left

rFire   . . .        a - +0 war axe
rCold   + . .        c - +0 buckler
rNeg    . . .        w - +2 ring mail {rC+}
rPois   .            (no helmet)
rElec   .            n - +1 cloak
rCorr   .            (no gloves)
SInv    +            (no boots)
Will    .....        (no amulet) Stlth
                     t - ring of see invisible
HPRegen 0.28/turn    (no ring)
MPRegen 0.10/turn

%: no passive effects
@: no status effects
A: runic magic, artefact enchanting
a: no special abilities


You were on level 4 of the Dungeon.
You visited 1 branch of the dungeon, and saw 4 of its levels.

You collected 165 gold pieces.

Inventory:

Hand Weapons
 a - a +0 war axe (weapon)
Missiles
 h - 51 stones (quivered)
 o - 3 datura-tipped darts
 q - 3 poisoned darts
Armour
 c - a +0 buckler (worn)
 n - a +1 cloak (worn)
 w - a +2 ring mail of cold resistance (worn)
Jewellery
 t - a ring of see invisible (left hand)
Wands
 v - a wand of paralysis (4)
Scrolls
 b - a scroll of fear {unknown}
 e - a scroll of butterflies {unknown}
 f - 4 scrolls of identify {unknown}
 g - 3 scrolls of fog {unknown}
 i - a scroll of amnesia {unknown}
 j - a scroll of blinking {unknown}
 l - 2 scrolls of poison {unknown}
 m - 2 scrolls of revelation {unknown}
Potions
 d - a potion of might
 k - 2 potions of curing {unknown}
 p - a potion of attraction {unknown}
 r - 2 potions of resistance {unknown}
 s - a potion of brilliance {unknown}
 u - a potion of haste {unknown}


   Skills:
 - Level 3.4 Fighting
 + Level 7.9 Axes
 - Level 3.4 Armour
 - Level 3.4 Shields


You had 5 spell levels left.
You didn't know any spells.
Your spell library contained the following spells:

 Spells                   Type           Power      Damage    Failure   Level
 Tukima's Dance           Hex            0%         N/A       86%         3
 Dimensional Bullseye     Hex/Tloc       0%         N/A       99%         4
 Iskenderun's Mystic Bla  Conj/Tloc      0%         2d3       99%         4


Dungeon Overview and Level Annotations

Branches:
Dungeon (4/15) Zot: 21404
 Temple: D:4-7

Altars:
Zin

Shops:
D:3 *


Innate Abilities, Weirdness & Mutations

Your spellcasting is much less encumbered by armour.
You can use scrolls of enchantment on lesser artefacts.


Message History

a +0 halberd; a gnoll skeleton You see here a quokka skeleton.
Done exploring.
Done exploring.
Done exploring.
There is a stone staircase leading down here.
You climb downwards.
Found 14 gold pieces.
There is a stone staircase leading up here.
A kobold comes into view. It is wielding a +0 club.
The kobold shouts!
The kobold throws a stone.
The stone barely misses you.
A kobold is nearby!
You see here 14 gold pieces.
You now have 165 gold pieces (gained 14).
An ogre comes into view. It is wielding a +0 giant club.
The ogre shouts!
The kobold hits you but does no damage.
You slash the kobold!
You kill the kobold!
Things that are here:
a +0 club; 4 stones; a kobold corpse You hit the ogre.
The ogre is lightly wounded.
The ogre hits you with a +0 giant club!!
Ouch! That really hurt!
You barely miss the ogre.
The ogre is lightly wounded.
You slash the ogre!
The ogre is moderately wounded.
The ogre hits you with a +0 giant club.
You slash the ogre!
The ogre is severely wounded.
The ogre hits you with a +0 giant club!!
* * * LOW HITPOINT WARNING * * *
Aiming: Paralyse
Press: ? - help, Shift-Dir - straight line, f - ogre
Aim: an ogre, wielding a +0 giant club (severely wounded, chance to affect: 49%)
The ogre resists with some effort.
The ogre hits you with a +0 giant club!
You die...

#############
.......<##..
..#####.##.#
.#####.##.#####
...........@O..#
..####...#.#...#
.................
.≈≈≈≈≈≈≈≈≈....####
.≈.......≈..#.#
.≈.#####.≈..#.#
.≈. ..≈... # ..
#.≈..##


You could see an ogre.

Vanquished Creatures
  Sigmund (D:3)
  A scorpion (D:3)
  Ijyb (D:3)
  4 gnolls
  2 adders
  5 orcs (D:3)
  5 ball pythons
  3 bats (D:1)
  2 endoplasms (D:3)
  A giant cockroach (D:3)
  7 goblins
  9 hobgoblins
  5 quokkas
  3 frilled lizards
  7 kobolds
  2 rats
58 creatures vanquished.

Notes
Turn   | Place    | Note
-------+----------+-------------------------------------------
     0 | D:1      | lessens the Mountain Dwarf Fighter began the quest for the
                  | Orb.
     0 | D:1      | Reached XP level 1. HP: 19/19 MP: 1/1
   255 | D:1      | Reached XP level 2. HP: 25/26 MP: 2/2
   438 | D:1      | Reached skill level 3 in Axes
   864 | D:2      | Found a glowing silver altar of Zin.
  1059 | D:2      | Reached XP level 3. HP: 30/31 MP: 3/3
  1074 | D:2      | Reached skill level 4 in Axes
  1300 | D:3      | Noticed Ijyb
  1305 | D:3      | Paralysed by Ijyb for 2 turns
  1309 | D:3      | Paralysed by Ijyb for 4 turns
  1319 | D:3      | Paralysed by Ijyb for 2 turns
  1322 | D:3      | Paralysed by Ijyb for 5 turns
  1329 | D:3      | Paralysed by Ijyb for 3 turns
  1335 | D:3      | Paralysed by Ijyb for 3 turns
  1339 | D:3      | Killed Ijyb
  1384 | D:3      | Reached XP level 4. HP: 38/38 MP: 4/4
  1526 | D:3      | Reached skill level 5 in Axes
  1628 | D:3      | Found Ruocauq's Assorted Antiques.
  1801 | D:3      | Noticed Sigmund
  1805 | D:3      | Killed Sigmund
  1806 | D:3      | Reached skill level 7 in Axes
  1806 | D:3      | Reached XP level 5. HP: 45/45 MP: 5/5
  1966 | D:3      | Reached XP level 6. HP: 23/51 MP: 6/6
  2537 | D:4      | HP: 2/51 [ogre/+0 giant club (20)]
  2538 | D:4      | Demolished by an ogre

Illustrated notes

Levels and vault maps discovered:
D:1:      beargit_arrival_greenhouse, layout_basic
D:2:      layout_rooms, basic_altar
D:3:      layout_basic, serial_shops, nicolae_shop_rolling_square,
          serial_bayou_pond_a, st_stairs_5, uniq_sigmund, uniq_ijyb
D:4:      layout_loops_cross, mainiacjoe_overflow_brackets

Skill      XL: |  1  2  3  4 |
---------------+-------------+-----
Axes           | 3 4 7 |  7.9
Fighting       | |  3.4
Armour         | |  3.4
Shields        | |  3.4

Action                     |  1- 3 |  4- 6 || total
---------------------------+-------+-------++-------
  Melee: War axe           |    99 |    95 ||   194
  Evoke: Wand              |       |     2 ||     2
   Stab: Paralysed         |       |     2 ||     2
 Armour: Scale mail        |    99 |       ||    99
         Ring mail         |       |    79 ||    79
  Dodge: Dodged            |    40 |    54 ||    94
  Block: Buckler           |    10 |    23 ||    33

Table legend: (Time is in decaauts)
 A = Elapsed time spent in this place.
 B = Non-inter-level travel time spent in this place.
 C = Inter-level travel time spent in this place.
 D = Time resting spent in this place.
 E = Time spent auto-exploring this place.
 F = Levels seen in this place.
 G = Mean time per level.
                   A        B        C        D        E       F      G
               +--------+--------+--------+--------+--------+-----+--------+
         Total |   2594 |   2457 |    137 |     36 |   1919 |   4 |  648.5 |
       Dungeon |   2594 |   2457 |    137 |     36 |   1919 |   4 |  648.5 |
               +--------+--------+--------+--------+--------+-----+--------+

Top non-repeatable levels by time:
     D:3: 1175 daAuts
     D:1: 752 daAuts
     D:2: 653 daAuts
     D:4: 13 daAuts

Levels and vault maps discovered:
D:1:      beargit_arrival_greenhouse, layout_basic
D:2:      layout_rooms, basic_altar
D:3:      layout_basic, serial_shops, nicolae_shop_rolling_square,
          serial_bayou_pond_a, st_stairs_5, uniq_sigmund, uniq_ijyb
D:4:      layout_loops_cross, mainiacjoe_overflow_brackets
